Map: Eternal Empire LE

Players

uwuThermal (uThermal) - Winner!

  • Race: Terran Terran
  • League: Grandmaster
  • Spawn Location: 7:00

SortOf

  • Race: Zerg Zerg
  • League: Grandmaster
  • Spawn Location: 1:00

Event: DreamHack SC2 Masters 2020 Fall

VOD

Have the link to the VOD?

Description

Time

  • Played on: Sept. 2, 2020, 12:57 p.m.
  • Length: 13:21

All games in this series

Show
View Real Time Build Order
Export as new Build Order

uwuThermal Terran - Winner!

Build Orders: Reaper Expand 

Get SALT Encoding   

  12  0:00  SCV  
  13  0:12  SCV  
  14  0:17  Supply Depot  
  14  0:24  SCV  
  15  0:38  SCV  
  15  0:40  Barracks  
  16  0:43  Refinery  
  16  0:50  SCV  
  17  1:02  SCV  
  18  1:14  SCV  
  19  1:27  Orbital Command, Reaper  
  20  1:39  Command Center  
  20  1:48  Supply Depot  
  20  1:53  SCV  
  21  1:59  Marine  
  22  2:05  SCV  
  23  2:08  Factory  
  23  2:17  SCV  
  23  2:20  Barracks Reactor  
  25  2:30  SCV  
  25  2:42  SCV  
  25  2:43  Command Center  
  26  2:51  Orbital Command  
  26  2:54  SCV  
  27  3:01  Starport  
  27  3:06  SCV  
  27  3:07  Refinery  
  28  3:14  Hellion  
  28  3:17  Hellion  
  32  3:20  SCV  
  32  3:21  SCV  
  34  3:32  SCV  
  34  3:33  SCV  
  36  3:36  Hellion  
  36  3:39  Hellion  
  40  3:42  Fusion Core  
  40  3:46  SCV  
  40  3:47  SCV  
  41  3:56  Orbital Command  
  41  3:58  Starport Tech Lab, SCV  
  41  3:59  Hellion, SCV  
  41  4:02  Hellion  
  47  4:07  Supply Depot  
  47  4:11  SCV x2  
  49  4:20  Hellion  
  49  4:23  Hellion, SCV x3  
  56  4:27  Supply Depot  
  56  4:35  SCV  
  56  4:36  SCV  
  59  4:38  SCV  
  59  4:42  Battlecruiser  
  59  4:44  Hellion  
  59  4:45  Hellion  
  69  4:50  SCV x2, Refinery x2  
  71  4:54  Supply Depot  
  71  4:57  SCV  
  72  5:02  SCV  
  72  5:06  Hellion x2, Supply Depot  
  77  5:12  Supply Depot  
  77  5:15  SCV  
  77  5:20  Factory x2, SCV  
  79  5:23  Orbital Command  
  79  5:27  Hellion  
  79  5:29  Hellion  
  79  5:34  SCV  
  80  5:39  Engineering Bay  
  80  5:41  SCV  
  81  5:49  Hellion  
  83  5:50  Hellion  
  83  5:52  Battlecruiser  
  83  5:54  SCV  
  83  5:55  SCV  
  93  5:59  Supply Depot  
  93  6:04  Weapon Refit  
  93  6:05  Factory Tech Lab x2  
  93  6:06  SCV  
  93  6:14  Missile Turret  
  93  6:17  Missile Turret x2  
  92  6:24  Cyclone x2  
  98  6:26  Refinery, SCV x2  
  98  6:27  Refinery  
  98  6:30  SCV  
  98  6:31  Supply Depot  
  101  6:38  SCV x2  
  101  6:42  SCV  
  101  6:44  Hellion  
  96  6:48  Armory  
  96  6:50  SCV x2  
  96  6:52  Armory  
  96  6:53  Missile Turret  
  98  6:54  SCV  
  99  7:02  SCV  
  99  7:05  Battlecruiser  
  106  7:09  SCV x2  
  106  7:12  Supply Depot  
  106  7:14  Supply Depot  
  108  7:17  Cyclone  
  108  7:20  SCV  
  112  7:24  Missile Turret  
  112  7:29  Supply Depot  
  112  7:30  SCV  
  112  7:31  Hellion x2  
  112  7:33  Cyclone  
  120  7:38  SCV  
  120  7:40  SCV  
  122  7:44  Terran Vehicle Weapons Level 1  
  122  7:45  Terran Vehicle And Ship Armor Level 1, SCV  
  123  7:51  Cyclone  
  123  7:57  Command Center  
  126  8:01  Hellion  
  126  8:03  Factory  
  126  8:04  Factory  
  128  8:12  Battlecruiser  
  134  8:18  Missile Turret  
  134  8:20  Mag-Field Accelerator  
  134  8:24  Supply Depot  
  134  8:25  Supply Depot x2  
  134  8:26  Cyclone  
  137  8:27  Hellion  
  137  8:31  Hellion  
  141  8:46  Supply Depot x2  
  141  8:47  Supply Depot  
  141  8:48  Factory Tech Lab, Factory Reactor  
  141  8:56  Siege Tank  
  141  8:57  Command Center  
  141  8:58  Siege Tank  
  147  9:08  Hellion x2  
  151  9:14  Thor  
  149  9:28  Thor  
  155  9:31  Missile Turret x2  
  155  9:32  Missile Turret x2  
  152  9:39  SCV, Battlecruiser  
  159  9:46  Hellion x2  
  159  9:48  SCV  
  159  9:50  Missile Turret  
  164  9:57  Cyclone  
  163  10:07  Thor  
  167  10:17  Missile Turret x2, Thor  
  167  10:18  Missile Turret, Unknown  
  167  10:19  Hellion, SCV  
  172  10:29  Terran Vehicle Weapons Level 2, Terran Vehicle And Ship Armor Level 2  
  172  10:30  SCV  
  172  10:35  SCV  
  172  10:39  Missile Turret  
  172  10:42  Hellion x2, Siege Tank  
  173  10:46  Planetary Fortress  
  173  10:49  SCV  
  174  10:50  SCV  
  174  10:52  Missile Turret  
  175  11:00  Siege Tank  
  175  11:01  Hellion  
  175  11:03  Hellion, Siege Tank  
  175  11:04  Hellion  
  187  11:10  Command Center  
  187  11:14  Siege Tank  
  187  11:17  Hellion  
  192  11:19  Smart Servos, Infernal Pre-Igniter  
  192  11:23  Hellion  
  192  11:24  Hellion  
  192  11:25  Hellion  
  195  11:30  SCV  
  195  11:32  Siege Tank  
  187  11:35  Siege Tank  
  187  11:36  Command Center  
  187  11:39  Hellion  
  186  11:40  SCV  
  186  11:42  SCV  
  186  11:44  Hellbat  
  186  11:45  SCV  
  186  11:46  Hellion x2, Siege Tank  
  196  11:53  SCV  
  191  11:57  SCV  
  191  12:00  Hellion  
  192  12:02  Battlecruiser  
  192  12:07  Hellion  
  200  12:12  Hellion, Siege Tank  
  200  12:14  Hellion, Siege Tank  
  183  12:23  Hellion  
  185  12:32  Hellion, Siege Tank  
  170  12:37  Hellion  
  170  12:42  Hellion, SCV x2  
  174  12:44  Siege Tank  
  174  12:46  Siege Tank  
  174  12:48  Hellion  
  158  12:59  Hellion  
  158  13:00  Hellion  
Show
View Real Time Build Order
Export as new Build Order

SortOf Zerg 

Build Orders: Hatch First, Muta Ling Bane 

Get SALT Encoding   

  12  0:00  Drone  
  13  0:12  Overlord  
  13  0:16  Drone  
  14  0:30  Drone x2  
  16  0:49  Hatchery  
  15  0:52  Drone  
  15  0:55  Drone  
  17  0:58  Drone  
  18  1:12  Spawning Pool  
  18  1:13  Extractor  
  18  1:17  Drone  
  17  1:20  Drone  
  18  1:29  Drone  
  19  1:38  Drone  
  20  1:50  Drone  
  21  2:00  Queen, Overlord  
  23  2:01  Queen  
  23  2:02  Zergling x2  
  26  2:11  Zergling x2  
  26  2:13  Drone  
  26  2:15  Metabolic Boost  
  28  2:23  Drone x2  
  30  2:31  Spore Crawler  
  30  2:33  Drone  
  30  2:35  Queen  
  30  2:36  Drone  
  34  2:41  Queen  
  36  2:47  Overlord  
  36  2:51  Overlord  
  36  3:06  Drone x4  
  36  3:07  Drone  
  36  3:12  Drone  
  42  3:16  Drone, Overlord  
  43  3:20  Drone x3  
  43  3:25  Lair  
  46  3:29  Drone x2  
  46  3:33  Drone  
  49  3:40  Drone  
  50  3:46  Hatchery  
  50  3:47  Drone  
  50  3:49  Drone x3  
  50  3:53  Extractor  
  50  3:54  Extractor  
  51  3:58  Drone x2  
  51  4:01  Drone x2  
  55  4:03  Baneling Nest  
  55  4:06  Zergling x4  
  55  4:09  Drone  
  57  4:11  Extractor  
  57  4:14  Queen  
  57  4:20  Overlord  
  57  4:23  Drone, Spire  
  57  4:24  Drone  
  57  4:30  Overlord  
  57  4:31  Overseer  
  58  4:33  Zergling x4  
  60  4:39  Drone  
  60  4:43  Drone  
  60  4:44  Zergling x2  
  60  4:45  Zergling x4  
  65  4:49  Evolution Chamber  
  64  4:52  Spore Crawler  
  64  4:54  Drone x2  
  64  4:55  Drone x2  
  67  5:01  Drone x2, Spore Crawler  
  67  5:02  Drone  
  67  5:05  Baneling  
  67  5:06  Baneling x2  
  69  5:07  Drone x2  
  71  5:14  Overlord  
  71  5:19  Zergling x8  
  72  5:29  Zergling x12  
  76  5:37  Mutalisk  
  76  5:38  Mutalisk x3  
  76  5:39  Mutalisk  
  86  5:45  Drone  
  86  5:46  Zerg Flyer Weapons Level 1  
  86  5:49  Drone, Centrifical Hooks  
  88  5:53  Drone  
  89  5:59  Overlord  
  89  6:01  Extractor  
  89  6:02  Extractor  
  86  6:06  Overlord  
  86  6:08  Drone x3  
  89  6:15  Overlord  
  89  6:19  Mutalisk x3  
  89  6:20  Hatchery  
  89  6:23  Mutalisk  
  89  6:25  Drone x3  
  99  6:34  Drone  
  99  6:35  Zergling x8  
  94  6:45  Drone x10  
  99  6:49  Zerg Melee Weapons Level 1  
  99  6:51  Drone, Evolution Chamber  
  99  6:59  Drone x2  
  101  7:03  Drone  
  102  7:12  Drone  
  102  7:13  Drone x2  
  105  7:20  Zerg Missile Weapons Level 1  
  105  7:22  Overlord x3  
  105  7:24  Pneumatized Carapace  
  105  7:25  Roach Warren  
  105  7:29  Overseer  
  104  7:33  Infestation Pit  
  103  7:37  Mutalisk x3  
  103  7:38  Mutalisk  
  103  7:42  Drone x11  
  120  7:49  Mutalisk x2  
  122  7:57  Zergling x8  
  126  8:01  Unknown  
  125  8:07  Roach x5  
  125  8:08  Overlord x3  
  125  8:10  Pathogen Glands  
  125  8:12  Glial Reconstitution  
  135  8:17  Overlord  
  135  8:22  Overlord x2  
  135  8:27  Drone x3  
  135  8:28  Drone x5  
  135  8:30  Mutalisk  
  135  8:31  Mutalisk  
  135  8:32  Zerg Flyer Weapons Level 2  
  147  8:34  Mutalisk  
  147  8:36  Zergling x4  
  147  8:39  Mutalisk  
  152  8:46  Mutalisk x2  
  156  8:48  Baneling  
  156  8:55  Mutalisk, Hatchery  
  155  8:56  Overlord  
  155  8:58  Zergling x16  
  157  9:12  Mutalisk x3  
  155  9:17  Drone x7  
  155  9:19  Drone x3  
  155  9:23  Infestor  
  155  9:24  Infestor, Extractor  
  167  9:26  Roach x2, Zergling x6  
  167  9:28  Extractor  
  174  9:32  Overlord  
  174  9:38  Roach x5  
  184  9:46  Baneling x13  
  174  10:00  Zergling x24  
  174  10:06  Zerg Melee Weapons Level 2  
  175  10:08  Overlord  
  175  10:13  Spine Crawler, Overlord  
  174  10:14  Ravager  
  174  10:15  Ravager x3, Zergling x12  
  184  10:23  Overseer  
  184  10:24  Overseer  
  184  10:31  Hatchery  
  184  10:33  Mutalisk x4  
  190  10:38  Zergling x18  
  199  10:49  Baneling  
  199  10:51  Baneling x7  
  199  10:53  Hive  
  199  10:54  Zerg Flyer Armor Level 1  
  199  11:00  Hatchery  
  195  11:22  Mutalisk x3  
  189  11:38  Mutalisk  
  189  11:39  Mutalisk x4  
  182  11:52  Infestor  
  182  11:53  Infestor x4  
  182  11:54  Roach  
  183  11:59  Corruptor x3  
  183  12:00  Drone  
  183  12:01  Drone x2  
  185  12:02  Zergling x28  
  195  12:11  Zergling x14  
  188  12:17  Zergling x22  
  188  12:18  Zergling x4  
  197  12:25  Baneling x7  
  197  12:26  Roach x2  
  195  12:34  Corruptor x2  
  195  12:35  Corruptor x4  
  195  12:36  Roach, Zergling x2  
  164  12:39  Roach x2, Zergling x6  
  164  12:41  Roach x2  
  162  12:46  Roach x3  
  162  12:49  Roach x3  
  162  12:50  Roach  
  173  12:57  Roach x4  
  157  13:01  Roach  
  157  13:02  Roach  
  148  13:17  Hatchery  

Tags
 
Add a new tag
Caveats
  • Supply blocks, unpowered buildings, or Contaminate may cause inaccurate times.
  • Supply counts are checked every 10 seconds.